 Dungeon Crawl Stone Soup version 0.30.1-9-gdf580d7c3d (webtiles) character file.

Game seed: 12673734358219079592

151 H0rd4k the Charlatan (level 5, -1/39 HPs)
             Began as a Human Artificer on Oct 25, 2023.
             Slain by an iguana (13 damage)
             ... on level 4 of the Dungeon.
             The game lasted 00:02:53 (2560 turns).

H0rd4k the Charlatan (Human Artificer)              Turns: 2560, Time: 00:02:53

Health: -1/39      AC:  5    Str: 12    XL:     5   Next: 60%
Magic:  5/5        EV: 16    Int: 13    God:
Gold:   135        SH:  0    Dex: 14    Spells: 4/4 levels left

rFire   . . .        j - +2 dagger (venom)
rCold   . . .        (no shield)
rNeg    . . .        b - +0 leather armour
rPois   .            p - +0 helmet
rElec   .            (no cloak)
rCorr   .            n - +0 pair of gloves
SInv    .            (no boots)
Will    .....        (no amulet)
Stlth   +            f - +5 ring of evasion
HPRegen 0.26/turn    (no ring)
MPRegen 0.09/turn

%: no passive effects
@: no status effects
A: no striking features
a: no special abilities


You were on level 4 of the Dungeon.
You visited 1 branch of the dungeon, and saw 4 of its levels.

You collected 135 gold pieces.

Inventory:

Hand Weapons
 j - a +2 dagger of venom (weapon)
Armour
 b - a +0 leather armour (worn)
 n - a +0 pair of gloves (worn)
 p - a +0 helmet (worn)
Jewellery
 f - a +5 ring of evasion (left hand)
Wands
 c - a wand of flame (8) (quivered)
 d - a wand of charming (14)
 e - a wand of iceblast (5)
Scrolls
 a - a scroll of magic mapping {unknown}
 g - 2 scrolls of teleportation {unknown}
 h - a scroll of identify {unknown}
 i - 2 scrolls of enchant armour {unknown}
 l - a scroll of amnesia {unknown}
 m - a scroll of fear {unknown}
Potions
 k - a potion of mutation {unknown}
 o - a potion of invisibility {unknown}
 q - a potion of degeneration {unknown}


   Skills:
 + Level 2.4 Fighting
 + Level 2.1 Short Blades
 - Level 0.4 Maces & Flails
 - Level 2.0 Armour
 + Level 1.9 Dodging
 - Level 1.0 Stealth
 + Level 4.2 Evocations


You had 4 spell levels left.
You didn't know any spells.
Your spell library contained the following spells:

 Spells                   Type           Power      Damage    Failure   Level
 Frozen Ramparts          Ice            0%         1d1       75%         3
 Gell's Gravitas          Tloc           0%         N/A       75%         3
 Teleport Other           Tloc           0%         N/A       75%         3
 Ice Form                 Ice/Tmut       0%         N/A       98%         4
 Summon Ice Beast         Ice/Summ       0%         N/A       98%         4
 Dispersal                Tloc           0%         N/A       100%        6


Dungeon Overview and Level Annotations

Branches:
Dungeon (4/15)
 Temple: D:4-7

Altars:
Uskayaw

Shops:
D:2 [   D:3 ?([*


Message History

You kill the goblin!
The kobold throws a stone.
The stone misses you.
Found 9 gold pieces.
The endoplasm freezes you.
You are frozen.
The kobold misses you.
You hit the kobold.
You kill the kobold!
The endoplasm hits you but does no damage.
You closely miss the iguana. The endoplasm freezes you.
You are frozen.
The iguana bites you!
You hit the iguana but do no damage.
The iguana is poisoned.
The endoplasm hits you. The iguana misses you.
The iguana attacks as you move away! The iguana closely misses you.
The endoplasm attacks as you move away! The endoplasm completely misses you.
The endoplasm attacks as you move away! The endoplasm misses you.
Found a scroll labelled PERINE MUATAQ.
You hit the endoplasm but do no damage. The endoplasm barely misses you.
You hit the endoplasm.
The endoplasm is heavily wounded.
The endoplasm hits you.
You hit the endoplasm.
The endoplasm is severely wounded.
The endoplasm hits you.
You hit the endoplasm.
The endoplasm is poisoned.
The endoplasm is severely wounded.
You kill the endoplasm!
You hit the iguana but do no damage.
The iguana looks even sicker.
The iguana is heavily wounded.
The iguana bites you!
* * * LOW HITPOINT WARNING * * *
You hit the iguana but do no damage.
The iguana looks as sick as possible!
The iguana is heavily wounded.
You hit the iguana but do no damage.
The iguana is heavily wounded.
The iguana closely misses you.
You hit the iguana but do no damage.
The iguana is heavily wounded.
The iguana bites you!
You die...

# # .## ##. ###..#
#..## $..#.# #.#..
..#J#.#..### .
#)#.#.# .. .## ...
#.#)# .#....
..?..###l.†###?.....
#..@#.#.†.# #
#.#.#?#.#.# .#.# #
..###...##..$.#
............#
##.######.#### ..
#.# ## #.# #.#
..######.#


You could see an iguana (extremely poisoned).

Vanquished Creatures
  A scorpion (D:4)
  A gnoll (D:1)
  2 adders (D:4)
  A worm (D:3)
  4 orcs (D:3)
  2 endoplasms
  2 giant cockroaches (D:2)
  6 goblins
  10 hobgoblins
  3 jackals (D:2)
  6 kobolds
  4 ball pythons
  4 bats
  2 frilled lizards
  4 rats
52 creatures vanquished.

Notes
Turn   | Place    | Note
-------+----------+-------------------------------------------
     0 | D:1      | H0rd4k the Human Artificer began the quest for the Orb.
     0 | D:1      | Reached XP level 1. HP: 15/15 MP: 1/1
   122 | D:1      | Reached XP level 2. HP: 9/21 MP: 2/2
   704 | D:1      | Reached XP level 3. HP: 22/26 MP: 3/3
   995 | D:2      | Found Sinir's Armour Boutique.
  1189 | D:2      | Reached skill level 4 in Evocations
  1246 | D:2      | Found a faded altar of an unknown god.
  1685 | D:3      | Reached XP level 4. HP: 32/32 MP: 4/4
  1754 | D:3      | Found Cuokh's General Store.
  1805 | D:3      | Found Xupsase's Armour Emporium.
  1840 | D:3      | Found Hool Juad's Antique Weapon Boutique.
  1925 | D:3      | Found a hide-covered altar of Uskayaw.
  2125 | D:3      | Found Veg Ywur's Magic Scroll Emporium.
  2520 | D:4      | Reached skill level 1 in Short Blades
  2521 | D:4      | Noticed a scorpion
  2530 | D:4      | Killed a scorpion
  2531 | D:4      | Reached XP level 5. HP: 39/39 MP: 5/5
  2560 | D:4      | Slain by an iguana

Illustrated notes

Levels and vault maps discovered:
D:1:      lightli_iron_boxes, layout_loops_ring
D:2:      layout_basic, serial_shops, nicolae_shop_hallway_stairs,
          hellmonk_ecumenical_altar_lost_god, minmay_box_of_dots
D:3:      layout_basic, mainiacjoe_overflow_24_doors, serial_shops,
          nicolae_square_shop, nicolae_shop_tiny_statue_garden,
          nicolae_shop_behind_doors, shop
D:4:      layout_loops_ring, hangedman_decor_diamond_cutter, minivault_1,
          glass_columns_a, minmay_starry_boxes

Skill      XL: |  1  2  3  4 |
---------------+-------------+-----
Evocations     | 4 |  4.2
Fighting       | 2 |  2.4
Short Blades   | 2 |  2.1
Maces & Flails | |  0.4
Armour         | |  2.0
Dodging        | |  1.9
Stealth        | |  1.0

Action                     |  1- 3 |  4- 6 || total
---------------------------+-------+-------++-------
  Melee: Club              |    50 |       ||    50
         Dagger            |    52 |    50 ||   102
         Flail             |     8 |       ||     8
         Punch             |     1 |     2 ||     3
  Evoke: Wand              |     8 |       ||     8
   Stab: Sleeping          |       |     1 ||     1
 Armour: Leather armour    |    26 |    10 ||    36
  Dodge: Dodged            |    73 |    32 ||   105
